 Dungeon Crawl Stone Soup version 0.31-a0-221-gbddc013574 (webtiles) character file.

Game seed: 11116806033187922695

1789 qw the Cleaver (level 9, -20/55 HPs)
             Began as a Gargoyle Fighter on July 4, 2023.
             Killed from afar by an acid dragon (22 damage)
             ... with a splash of acid
             ... on level 6 of the Dungeon.
             The game lasted 00:02:45 (4911 turns).

qw the Cleaver (Gargoyle Fighter)                   Turns: 4911, Time: 00:02:46

Health: -20/55     AC:  9    Str: 30    XL:     9   Next: 8%
Magic:  9/9        EV:  9    Int:  9    God:
Gold:   273        SH:  4    Dex:  9    Spells: 8/8 levels left

rFire   . . .        Y - +1 war axe
rCold   . . .        c - +0 buckler
rNeg    + . .        m - +0 chain mail
rPois   inf          o - +2 hat
rElec   +            (no cloak)
rCorr   .            (no gloves)
SInv    .            (no boots)
Will    .....        f - amulet of the acrobat Stlth
                     j - +6 ring of strength
HPRegen 0.29/turn    (no ring)
MPRegen 0.11/turn

%: acrobat
@: about to teleport, corroded
A: sickness immunity, AC +6, negative energy resistance 1, electricity
resistance, torment resistance 1, petrification resistance
a: no special abilities


You were on level 6 of the Dungeon.
You visited 2 branches of the dungeon, and saw 7 of its levels.

You collected 273 gold pieces.


Innate Abilities, Weirdness & Mutations

You are immune to sickness and miasma.
Your stone body is resilient. (AC +6)
You are immune to poison.
You resist negative energy. (rN+)
You are resistant to electric shocks. (rElec)
You are resistant to unholy torment.
You are immune to petrification.


   Skills:
 - Level 6.0 Fighting
 + Level 8.9 Axes
 - Level 1.0 Throwing
 - Level 3.2 Armour
 - Level 3.0 Dodging
 - Level 3.2 Shields


You had 8 spell levels left.
You didn't know any spells.
Your spell library was empty.

Inventory:

Hand Weapons
 k - a +0 flail
 Y - a +1 war axe (weapon)
Missiles
 l - a silver boomerang (quivered)
Armour
 b - a +0 plate armour
 c - a +0 buckler (worn)
 m - a +0 chain mail (worn)
 o - a +2 hat (worn)
Jewellery
 f - an amulet of the acrobat (around neck)
 j - a +6 ring of strength (left hand)
Scrolls
 a - 3 scrolls of amnesia {unknown}
 e - 2 scrolls of teleportation
 g - a scroll of identify
Potions
 d - a potion of might
 h - a potion of curing
 i - a potion of cancellation
 n - a potion of mutation {unknown}

Dungeon Overview and Level Annotations

Branches:
Dungeon (6/15)             Temple (1/1) D:4

Altars:
Cheibriados
Dithmenos
Elyvilon
Fedhas
Gozag
Hepliaklqana
Kikubaaqudgha
Makhleb
Nemelex Xobeh
Qazlal
Ru
Sif Muna
Uskayaw
Vehumet
Wu Jian
Xom
Yredelemnul
Zin
The Shining One


Message History

Enter note:
Enter note:
Enter note:
Enter note:
Enter note:
Enter note:
Found a book of Blasting.
The acid dragon bites you but does no damage.
The acid dragon closely misses you.
Enter note:
Enter note:
Enter note:
Enter note:
Enter note:
Enter note: You slash the acid dragon!
The acid dragon is moderately wounded.
The acid dragon spits acid at you. The splash of acid hits you!!
The acid corrodes you!
You hear a shout!
You slash the acid dragon!
The acid dragon is severely wounded.
The acid dragon barely misses you. x2
You barely miss the acid dragon.
The acid dragon is severely wounded.
The acid dragon bites you. The acid dragon claws you.
You slash the acid dragon!
The acid dragon is almost dead.
The acid dragon closely misses you.
The acid dragon claws you but does no damage.
You hit the acid dragon but do no damage.
The acid dragon is almost dead.
The acid dragon spits acid at you. The splash of acid hits you!!
The acid corrodes you!
4911 ||| READING 3 scrolls of teleportation.
As you read the scroll of teleportation, it crumbles to dust.
You feel strangely unstable. The acid dragon spits acid at you.
The splash of acid hits you!!
You die...

## .. .. ##### .g. #..
#... #.### #.###.##
.... #.#...##### #.
.#.## ##......).#
###.#.#..###.#...###.#
##
.....g#...#..........#
#..
:....gD@....##...###.#
#.# ####.##########.##
#.# #.# #g# #.# #.#
#.# #D# #.# #.# #.###
#.# #.####.#
g##...##.# #.#
#.#....## gg).#....#
#.# #.#.##.?## ###.).#
#.# #.#.##.#.# #..##
#.# #.#.#..##.


You could see an acid dragon (catching breath) and 2 gnolls.

Vanquished Creatures
  Grinder (D:3)
  Duvessa (D:6)
  An orc warrior (D:5)
  3 ogres
  A phantom (D:5)
  5 scorpions
  2 orc priests (D:5)
  4 hounds
  2 jellies
  8 iguanas
  Terence (D:2)
  4 orc wizards
  A sleepcap (D:5)
  9 adders
  A gnoll (D:6)
  An ufetubus (D:4)
  2 worms (D:2)
  A dart slug (D:4)
  15 orcs
  5 bats
  5 endoplasms
  3 giant cockroaches
  4 hobgoblins
  6 ball pythons
  5 frilled lizards
  5 goblins
  6 kobolds
  7 rats
109 creatures vanquished.

Notes
Turn   | Place    | Note
-------+----------+-------------------------------------------
     0 | D:1      | qw the Gargoyle Fighter began the quest for the Orb.
     0 | D:1      | Reached XP level 1. HP: 14/14 MP: 1/1
     0 | D:1      | 0 ||| qw: Version: 0.3-a-40-ge99b1a8
     0 | D:1      | 0 ||| qw: Game counter: 673
     0 | D:1      | 0 ||| qw: Melee chars always use a shield: true
     0 | D:1      | 0 ||| qw: God list: Okawaru
     0 | D:1      | 0 ||| qw: Allow faded altars: false
     0 | D:1      | 0 ||| qw: Do Orc after clearing Dungeon:15 true
     0 | D:1      | 0 ||| qw: Do second Lair branch before Depths: true
     0 | D:1      | 0 ||| qw: Lair rune preference: random
     0 | D:1      | 0 ||| qw: Goals: Normal, Zot:1-4, Slime:5, God:TSO, Crypt,
                  | Tomb, Abyss, Pan, Hells, Win
     0 | D:1      | 0 ||| PLANNING D:1-11
   165 | D:1      | Reached skill level 2 in Axes
   201 | D:1      | You fall into a shaft and drop 1 floor!
   223 | D:2      | Reached XP level 2. HP: 15/19 MP: 2/2
   333 | D:2      | Reached skill level 3 in Axes
   343 | D:2      | Reached XP level 3. HP: 23/23 MP: 3/3
   423 | D:2      | 423 ||| UPGRADING to amulet of the acrobat.
   428 | D:2      | 428 ||| UPGRADING to +6 ring of strength.
   429 | D:2      | 429 ||| READING scroll labelled YHUW WOERONT.
   430 | D:2      | 430 ||| READING 2 scrolls labelled FUSOESSEYF.
   431 | D:2      | 431 ||| READING scroll labelled DIMNAUMUMU.
   432 | D:2      | 432 ||| READING scroll labelled HALOID NYAMM.
   437 | D:2      | 437 ||| Stepping randomly (stuck).
   438 | D:2      | 438 ||| Stepping randomly (stuck).
   439 | D:2      | 439 ||| Stepping randomly (stuck).
   440 | D:2      | 440 ||| Stepping randomly (stuck).
   441 | D:2      | 441 ||| Stepping randomly (stuck).
   442 | D:2      | 442 ||| Stepping randomly (stuck).
   443 | D:2      | 443 ||| Stepping randomly (stuck).
   444 | D:2      | 444 ||| Stepping randomly (stuck).
   445 | D:2      | 445 ||| Stepping randomly (stuck).
   446 | D:2      | 446 ||| Stepping randomly (stuck).
   447 | D:2      | 447 ||| Stepping randomly (stuck).
   448 | D:2      | 448 ||| Stepping randomly (stuck).
   449 | D:2      | 449 ||| Stepping randomly (stuck).
   450 | D:2      | 450 ||| Stepping randomly (stuck).
   451 | D:2      | 451 ||| Stepping randomly (stuck).
   452 | D:2      | 452 ||| Stepping randomly (stuck).
   453 | D:2      | 453 ||| Stepping randomly (stuck).
   454 | D:2      | 454 ||| Stepping randomly (stuck).
   455 | D:2      | 455 ||| Stepping randomly (stuck).
   456 | D:2      | 456 ||| Stepping randomly (stuck).
   457 | D:2      | 457 ||| Stepping randomly (stuck).
   458 | D:2      | 458 ||| Stepping randomly (stuck).
   459 | D:2      | 459 ||| Stepping randomly (stuck).
   460 | D:2      | 460 ||| Stepping randomly (stuck).
   461 | D:2      | 461 ||| Stepping randomly (stuck).
   462 | D:2      | 462 ||| Stepping randomly (stuck).
   463 | D:2      | 463 ||| Stepping randomly (stuck).
   921 | D:1      | Found a faded altar of an unknown god.
  1097 | D:1      | 1097 ||| READING 2 scrolls of identify.
  1097 | D:1      | 1097 ||| IDENTIFYING orange potion
  1204 | D:2      | Noticed Terence
  1206 | D:2      | 1206 ||| Stepping ~*~*~tactically~*~*~ (stealth).
  1217 | D:2      | Killed Terence
  1218 | D:2      | Reached skill level 4 in Axes
  1218 | D:2      | Reached XP level 4. HP: 13/28 MP: 4/4
  1302 | D:2      | 1302 ||| DROPPING +0 club.
  1571 | D:3      | 1571 ||| Stepping ~*~*~tactically~*~*~ (stealth).
  1582 | D:3      | 1582 ||| Stepping ~*~*~tactically~*~*~ (hiding).
  1617 | D:3      | 1617 ||| Stepping ~*~*~tactically~*~*~ (stealth).
  1618 | D:3      | 1618 ||| Stepping ~*~*~tactically~*~*~ (stealth).
  1636 | D:3      | Noticed an ogre
  1644 | D:3      | Killed an ogre
  1645 | D:3      | Reached skill level 5 in Axes
  1645 | D:3      | Reached XP level 5. HP: 11/32 MP: 5/5
  1766 | D:3      | Noticed Grinder
  1767 | D:3      | 1767 ||| Stepping ~*~*~tactically~*~*~ (hiding).
  1773 | D:3      | Killed Grinder
  1774 | D:3      | Reached skill level 3 in Dodging
  1774 | D:3      | Reached XP level 6. HP: 35/37 MP: 6/6
  1821 | D:3      | 1821 ||| Stepping ~*~*~tactically~*~*~ (hiding).
  1872 | D:3      | 1872 ||| Stepping ~*~*~tactically~*~*~ (stealth).
  2483 | D:3      | 2483 ||| UPGRADING to +2 hat.
  2488 | D:3      | 2488 ||| READING scroll labelled CETYDU CINTYO.
  2489 | D:3      | 2489 ||| READING scroll labelled IMYRHU SEWNAN.
  2528 | D:4      | Reached XP level 7. HP: 42/43 MP: 7/7
  2575 | D:4      | 2575 ||| Stepping ~*~*~tactically~*~*~ (stealth).
  2576 | D:4      | 2576 ||| Stepping ~*~*~tactically~*~*~ (stealth).
  2597 | D:4      | Found a staircase to the Ecumenical Temple.
  2598 | D:4      | 2598 ||| PLANNING TEMPLE
  2606 | Temple   | Entered the Ecumenical Temple
  2643 | Temple   | 2643 ||| PLANNING D:1-11
  2786 | D:4      | 2786 ||| FLEEEEING.
  2787 | D:4      | 2787 ||| FLEEEEING.
  2788 | D:4      | 2788 ||| FLEEEEING.
  2793 | D:4      | 2793 ||| FLEEEEING.
  2794 | D:4      | 2794 ||| FLEEEEING.
  2795 | D:4      | 2795 ||| FLEEEEING.
  2796 | D:4      | 2796 ||| FLEEEEING.
  3130 | D:4      | Identified the +0 leather armour of Woxi {*Slow Will+
                  | Str+3}
  3275 | D:4      | Found a glowing silver altar of Zin.
  3275 | D:4      | Found a hide-covered altar of Uskayaw.
  3275 | D:4      | Found a radiant altar of Vehumet.
  3372 | D:4      | Found a snail-covered altar of Cheibriados.
  3375 | D:4      | Found a blossoming altar of Fedhas.
  3377 | D:4      | Found a sparkling altar of Nemelex Xobeh.
  3381 | D:4      | Found an ornate altar of the Wu Jian Council.
  3382 | D:4      | Found a sacrificial altar of Ru.
  3391 | D:4      | Reached skill level 6 in Axes
  3409 | D:4      | 3409 ||| DROPPING +0 leather armour of Woxi {*Slow Will+
                  | Str+3}.
  3410 | D:4      | 3410 ||| READING 3 scrolls labelled TIRYVEUDIE.
  3411 | D:4      | 3411 ||| READING scroll labelled GOJOMO HA OPOKH.
  3412 | D:4      | 3412 ||| READING scroll labelled LESENWUETE.
  3413 | D:4      | 3413 ||| READING 2 scrolls of identify.
  3413 | D:4      | 3413 ||| IDENTIFYING red potion
  3414 | D:4      | 3414 ||| DROPPING potion of brilliance.
  3415 | D:4      | 3415 ||| DROPPING 2 scrolls of immolation.
  3506 | D:5      | Entered Level 5 of the Dungeon
  3605 | D:5      | 3605 ||| Stepping ~*~*~tactically~*~*~ (stealth).
  3608 | D:5      | 3608 ||| Stepping ~*~*~tactically~*~*~ (stealth).
  3609 | D:5      | 3609 ||| Stepping ~*~*~tactically~*~*~ (stealth).
  3610 | D:5      | 3610 ||| Stepping ~*~*~tactically~*~*~ (stealth).
  3656 | D:5      | Reached XP level 8. HP: 48/48 MP: 8/8
  3693 | D:5      | Reached skill level 7 in Axes
  3812 | D:5      | 3812 ||| Stepping ~*~*~tactically~*~*~ (stealth).
  3822 | D:5      | 3822 ||| DRINKING potion of curing.
  3822 | D:5      | 3822 ||| (to cure confusion)
  3824 | D:5      | Reached skill level 1 in Throwing
  3863 | D:5      | 3863 ||| STAIRDANCE
  3886 | D:4      | 3886 ||| UPGRADING to +3 scale mail.
  3896 | D:4      | 3896 ||| DROPPING +0 scale mail.
  3897 | D:4      | 3897 ||| UPGRADING to +0 chain mail.
  3907 | D:4      | 3907 ||| DROPPING +3 scale mail.
  3908 | D:4      | 3908 ||| READING scroll labelled WEGOIG NIMESH.
  3909 | D:4      | 3909 ||| DRINKING 2 sedimented red potions.
  4014 | D:4      | 4014 ||| READING 3 scrolls of identify.
  4014 | D:4      | 4014 ||| IDENTIFYING white potion
  4015 | D:4      | 4015 ||| READING 2 scrolls of identify.
  4015 | D:4      | 4015 ||| IDENTIFYING blue potion
  4016 | D:4      | 4016 ||| DROPPING potion of berserk rage.
  4066 | D:5      | 4066 ||| Stepping ~*~*~tactically~*~*~ (stealth).
  4067 | D:5      | 4067 ||| Stepping ~*~*~tactically~*~*~ (stealth).
  4091 | D:5      | 4091 ||| Stepping ~*~*~tactically~*~*~ (stealth).
  4110 | D:5      | 4110 ||| Stepping ~*~*~tactically~*~*~ (stealth).
  4157 | D:5      | 4157 ||| Stepping ~*~*~tactically~*~*~ (stealth).
  4160 | D:5      | 4160 ||| Stepping ~*~*~tactically~*~*~ (hiding).
  4319 | D:6      | 4319 ||| STAIRDANCE
  4325 | D:5      | Reached skill level 8 in Axes
  4369 | D:6      | 4369 ||| STAIRDANCE
  4475 | D:6      | 4475 ||| DROPPING +0 mace.
  4519 | D:6      | Reached skill level 6 in Fighting
  4529 | D:6      | HP: 11/51 [acid dragon/splash of acid (20)]
  4530 | D:6      | 4530 ||| READING 4 scrolls of teleportation.
  4531 | D:6      | 4531 ||| DRINKING potion of heal wounds.
  4543 | D:6      | HP: 11/51 [gnoll sergeant/+0 spear (2)]
  4544 | D:6      | 4544 ||| READING 3 scrolls of teleportation.
  4611 | D:6      | 4611 ||| FLEEEEING.
  4701 | D:6      | Noticed Duvessa
  4718 | D:6      | Killed Duvessa
  4774 | D:6      | Reached XP level 9. HP: 51/55 MP: 9/9
  4803 | D:6      | Found an opulent altar of Gozag.
  4804 | D:6      | 4804 ||| Stepping ~*~*~tactically~*~*~ (hiding).
  4896 | D:6      | 4896 ||| Stepping ~*~*~tactically~*~*~ (stealth).
  4910 | D:6      | HP: 1/55 [acid dragon/splash of acid (21)]
  4911 | D:6      | 4911 ||| READING 3 scrolls of teleportation.
  4911 | D:6      | Killed from afar by an acid dragon

Levels and vault maps discovered:
D:1:      matt_arrival_refuge, layout_loops_cross,
          ebering_ecumenical_altar_sacrificial
D:2:      layout_basic, st_stairs_3, minmay_misc_feat_room, uniq_terence
D:3:      layout_basic, uniq_grinder
D:4:      layout_basic, nicolae_overflow_hallway_of_the_gods,
          minmay_temple_entry_grid
D:5:      layout_cave_pools, guppyfry_early_orc_mine
D:6:      layout_loops_ring, nicolae_gozag_seed_capital, chequers_garden,
          uniq_duvessa
Temple:   nicolae_temple_ecumenical_triangle

Skill      XL: |  1  2  3  4  5  6  7  8 |
---------------+-------------------------+-----
Axes           | 2 3 4 5 6 8 |  8.9
Dodging        | 3 |  3.0
Fighting       | 4 6 |  6.0
Throwing       | 1 |  1.0
Armour         | |  3.2
Shields        | |  3.2

Action                     |  1- 3 |  4- 6 |  7- 9 || total
---------------------------+-------+-------+-------++-------
  Melee: War axe           |   100 |    83 |   212 ||   395
  Throw: Boomerang         |       |     6 |    67 ||    73
    Use: Scroll            |     5 |     2 |    10 ||    17
         Potion            |       |       |     3 ||     3
 Armour: Scale mail        |    52 |    36 |    65 ||   153
         Chain mail        |       |       |    70 ||    70
  Dodge: Dodged            |    48 |    32 |   110 ||   190
  Block: Buckler           |    10 |     8 |    36 ||    54

Table legend:
 A = Non-vault XP
 B = Vault XP
 C = Vault XP percentage of total XP
 D = Non-vault monster count
 E = Vault monster count
 F = Vault count percentage of total count
                 A         B        C        D         E       F
            +---------+---------+-------+---------+---------+-------
      Total |    1898 |     659 |  25.8 |      96 |      13 |  11.9
            +---------+---------+-------+---------+---------+-------
        D:1 |      12 |       0 |   0.0 |       8 |       0 |   0.0
        D:2 |      62 |      39 |  38.6 |      20 |       4 |  16.7
        D:3 |     177 |     254 |  58.9 |      14 |       1 |   6.7
        D:4 |     446 |       0 |   0.0 |      20 |       0 |   0.0
        D:5 |     728 |     217 |  23.0 |      22 |       7 |  24.1
        D:6 |     473 |     149 |  24.0 |      12 |       1 |   7.7
            +---------+---------+-------+---------+---------+-------
